Map: [ESL] Gresvan

Players

ShoWTimE - Winner!

  • Race: Protoss Protoss
  • Spawn Location: 5:00

ShaDoWn

  • Race: Protoss Protoss
  • Spawn Location: 11:00

Event: ESL SC2 Masters 2023 Summer (Regionals)

VOD

Have the link to the VOD?

Description

Time

  • Played on: May 12, 2023, 11:20 a.m.
  • Length: 5:56

All games in this series

Show
View Real Time Build Order
Export as new Build Order

ShoWTimE Protoss - Winner!

Build Orders: Oracle Opening 

Get SALT Encoding   

  12  0:00  Probe  
  13  0:12  Probe  
  14  0:17  Pylon  
  14  0:24  Probe (Chrono Boost)  
  15  0:36  Probe (Chrono Boost), Gateway  
  16  0:44  Probe (Chrono Boost)  
  16  0:46  Assimilator  
  17  0:51  Probe  
  18  1:03  Probe (Chrono Boost)  
  19  1:04  Assimilator  
  19  1:13  Probe (Chrono Boost)  
  19  1:14  Gateway  
  19  1:18  Probe (Chrono Boost)  
  20  1:25  Cybernetics Core  
  21  1:29  Probe  
  22  1:40  Pylon  
  22  1:41  Probe  
  23  1:58  Probe  
  23  2:01  Adept x2, Warp Gate  
  26  2:07  Pylon  
  28  2:16  Stargate  
  28  2:19  Probe  
  29  2:31  Adept x2  
  33  2:37  Probe  
  34  2:51  Probe  
  35  2:57  Pylon, Oracle (Chrono Boost)  
  38  3:07  Probe  
  39  3:19  Nexus  
  37  3:27  Robotics Facility  
  37  3:30  Probe  
  38  3:42  Probe  
  37  3:49  Sentry  
  37  3:52  Stalker  
  37  3:55  Probe  
  40  3:57  Shield Battery  
  40  4:07  Probe  
  41  4:16  Observer (Chrono Boost)  
  42  4:18  Stalker  
  42  4:19  Probe  
  45  4:31  Probe x2  
  47  4:34  Stalker  
  49  4:38  Immortal (Chrono Boost)  
  49  4:43  Probe x2  
  55  4:52  Pylon  
  55  4:55  Probe x2, Twilight Council  
  57  5:01  Assimilator  
  57  5:07  Probe x2  
  57  5:10  Stalker  
  60  5:19  Probe  
  60  5:21  Immortal (Chrono Boost)  
  61  5:22  Probe  
  61  5:26  Pylon  
  66  5:31  Stalker  
  68  5:36  Probe  
  68  5:38  Pylon  
  68  5:42  Pylon  
  69  5:44  Stalker  
Show
View Real Time Build Order
Export as new Build Order

ShaDoWn Protoss 

Build Orders: Zealot Archon, Dark Templar Rush 

Get SALT Encoding   

  12  0:00  Probe  
  13  0:12  Probe  
  14  0:17  Pylon  
  14  0:24  Probe  
  15  0:35  Gateway  
  15  0:37  Probe (Chrono Boost)  
  16  0:46  Probe (Chrono Boost)  
  16  0:49  Assimilator  
  17  0:51  Probe (Chrono Boost)  
  17  0:55  Assimilator  
  18  1:03  Probe (Chrono Boost)  
  19  1:07  Gateway  
  19  1:13  Probe (Chrono Boost)  
  20  1:18  Probe (Chrono Boost)  
  20  1:24  Cybernetics Core  
  21  1:29  Probe  
  22  1:38  Pylon  
  22  1:42  Probe  
  23  1:57  Probe  
  23  2:00  Stargate  
  24  2:02  Stalker  
  24  2:06  Warp Gate  
  26  2:09  Probe  
  26  2:13  Twilight Council  
  27  2:19  Stalker  
  29  2:26  Pylon  
  29  2:49  Dark Shrine  
  29  2:59  Nexus  
  29  3:05  Probe  
  26  3:19  Probe (Chrono Boost)  
  27  3:32  Probe (Chrono Boost), Pylon  
  28  3:37  Probe (Chrono Boost)  
  27  3:46  Probe  
  25  3:58  Probe  
  26  4:02  Dark Templar  
  28  4:13  Dark Templar  
  28  4:16  Probe  
  31  4:20  Probe  
  32  4:28  Probe (Chrono Boost)  
  31  4:32  Probe (Chrono Boost)  
  32  4:40  Probe (Chrono Boost)  
  32  4:44  Probe (Chrono Boost)  
  34  4:48  Probe (Chrono Boost)  
  34  4:49  Probe (Chrono Boost)  
  36  4:53  Dark Templar  
  36  4:54  Probe  
  36  4:58  Probe  
  40  5:07  Probe  
  41  5:08  Dark Templar  
  41  5:10  Probe  
  44  5:19  Probe  
  43  5:24  Archon  
  43  5:25  Stalker  
  43  5:28  Probe, Gateway  
  46  5:31  Probe  
  47  5:41  Zealot  
  49  5:43  Gateway  
  49  5:45  Shield Battery  
Tags
 
Add a new tag
Caveats
  • Supply blocks, unpowered buildings, or Contaminate may cause inaccurate times.
  • Supply counts are checked every 10 seconds.